 Dungeon Crawl Stone Soup version 0.31-a0-177-g4aa6249778 (webtiles) character file.

Game seed: 11650579850122497078

55631 qw the Severer (level 14, -2/92 HPs)
             Began as a Gargoyle Fighter on June 18, 2023.
             Was a High Priest of Okawaru.
             Slain by a white very ugly thing (11 damage)
             ... on level 13 of the Dungeon.
             The game lasted 00:10:19 (18035 turns).

qw the Severer (Gargoyle Fighter)                  Turns: 18035, Time: 00:10:20

Health: -2/92      AC: 40    Str: 28    XL:     14   Next: 78%
Magic:  16/21      EV: 10    Int:  7    God:    Okawaru [*****.]
Gold:   1340       SH:  7    Dex:  8    Spells: 13/13 levels left

rFire   + + .        g - +0 war axe (spect)
rCold   + . .        t - +1 buckler {AC+3}
rNeg    + + .        o - +1 plate armour
rPois   inf          j - -2 hat of the Alchemist {rElec rPois rF+ rC+ rN+ Will+ rMut rCorr}
rElec   +            y - +0 cloak
rCorr   +            B - +0 pair of gloves
SInv    .            m - +2 pair of boots
Will    ++...        (no amulet) Stlth
                     G - +4 ring of protection
HPRegen 1.15/turn    k - ring of protection from fire
MPRegen 0.17/turn

%: resist mutation
@: about to teleport, heroic, finesse-ful, flying
A: sickness immunity, AC +10, big wings, negative energy resistance 1,
electricity resistance, torment resistance 1, petrification resistance, dopey 1,
regeneration 1, strong 1, evolution 1
a: Renounce Religion, Heroism, Finesse, Duel


You were on level 13 of the Dungeon.
You worshipped Okawaru.
Okawaru was extremely pleased with you.
You visited 3 branches of the dungeon, and saw 19 of its levels.

You collected 1340 gold pieces.


Innate Abilities, Weirdness & Mutations

You are immune to sickness and miasma.
Your stone body is resilient. (AC +10)
You are immune to poison.
Your large and strong wings let you fly.
You resist negative energy. (rN+)
You are resistant to electric shocks. (rElec)
You are resistant to unholy torment.
You are immune to petrification.
You are dopey. (Int -2)
Your natural rate of healing is unusually fast.
Your muscles are strong. (Str +4, Int/Dex -1)
You have hidden genetic potential.


   Skills:
 - Level 12.1(17.1) Fighting
 + Level 15.8(20.8) Axes
 - Level 5.0(10.0) Throwing
 - Level 11.1(16.1) Armour
 - Level 2.6(7.6) Dodging
 - Level 7.3(12.3) Shields
 - Level 10.0 Invocations


You had 13 spell levels left.
You didn't know any spells.
Your spell library was empty.

Inventory:

Hand Weapons
 g - a +0 spectral war axe (weapon)
 n - a +0 broad axe
 s - a +0 morningstar
 E - the +5 morningstar "Imp's Death Toll" {drain, rN+ Will+ Dex+2}
   (You found it on level 5 of the Lair of Beasts)

   Dex:       It affects your dexterity (+2).
   rN:        It protects you from negative energy.
   Will:      It increases your willpower.
Missiles
 l - 2 boomerangs
 u - 8 javelins (quivered)
Armour
 a - a +2 helmet
 j - the -2 hat of the Alchemist (worn) {rElec rPois rF+ rC+ rN+ Will+ rMut rCorr}
   (You acquired it on level 9 of the Dungeon)

   rF:        It protects you from fire.
   rC:        It protects you from cold.
   rElec:     It insulates you from electricity.
   rPois:     It protects you from poison.
   rN:        It protects you from negative energy.
   rCorr:     It protects you from acid and corrosion.
   rMut:      It protects you from mutation.
   Will:      It increases your willpower.
 m - a +2 pair of boots (worn)
 o - a +1 plate armour (worn)
 q - +0 acid dragon scales
 t - a +1 buckler of protection (worn)
 v - a +2 chain mail of cold resistance
 y - a +0 cloak (worn)
 B - a +0 pair of gloves (worn)
Jewellery
 k - a ring of protection from fire (right hand)
 G - a +4 ring of protection (left hand)
 H - a ring of positive energy
Wands
 F - a wand of digging (5)
Scrolls
 b - a scroll of identify
 p - 2 scrolls of teleportation
 A - 2 scrolls of brand weapon
Potions
 c - 3 potions of heal wounds
 d - 4 potions of might
 e - 3 potions of attraction
 f - 4 potions of resistance
 i - 2 potions of mutation
 r - 3 potions of enlightenment
 w - 4 potions of curing
 x - 2 potions of lignification
 z - a potion of magic
 C - a potion of cancellation
 D - a potion of haste {unknown}

Dungeon Overview and Level Annotations

Branches:
Dungeon (13/15)            Temple (1/1) D:7            Lair (5/5) D:11
  Swamp (0/4) Lair:2       Spider (0/4) Lair:3        Slime (0/5) Lair:4
    Orc (0/2) D:9          Vaults (0/5) D:13

Altars:
Ashenzari
Cheibriados
Dithmenos
Elyvilon
Fedhas
Gozag
Hepliaklqana
Kikubaaqudgha
Makhleb
Nemelex Xobeh
Okawaru
Qazlal
Ru
Sif Muna
Trog
Uskayaw
Vehumet
Wu Jian
Xom
Yredelemnul
Zin
The Shining One
Jiyva

Shops:
D:5 :

Annotations:
D:3 1 runed translucent door, Crazy Yiuf
D:5 2 transporters, qw's ghost, novice GrFi
D:10 3 runed translucent doors, qw's ghost, journeyman GrFi
D:11 2 transporters
D:12 3 runed translucent doors, corvin's ghost, journeyman DgWn
Lair:3 3 runed translucent doors, qw's ghost, journeyman GrFi


Message History

You hit the cyclops.
The cyclops is severely wounded.
You slash the white very ugly thing!
You hit the ice dragon but do no damage.
You hit the cyclops.
The cyclops is almost dead.
You barely miss the ice dragon. You slice the white very ugly thing!!
The ice dragon bites you but does no damage.
You block the ice dragon's attack. The ice dragon misses you.
The cyclops barely misses you.
You hit the cyclops but do no damage.
The cyclops is almost dead.
You barely miss the white very ugly thing.
You hit the ice dragon but do no damage.
The white very ugly thing pecks you but does no damage.
You slash the cyclops!
You kill the cyclops!
Okawaru accepts your kill.
You hit the white very ugly thing but do no damage.
You closely miss the ice dragon.
Your +0 spectral war axe hits the white very ugly thing!
Your +0 spectral war axe hits the tengu reaver!
Your +0 spectral war axe hits the efreet!!
The efreet hits your +0 spectral war axe but does no damage.
The ice dragon bites you but does no damage.
The ice dragon claws you but does no damage.
The ice dragon tramples you but does no damage.
You slash the white very ugly thing!
The white very ugly thing is severely wounded.
You hit the ice dragon.
Your +0 spectral war axe hits the white very ugly thing!
Your +0 spectral war axe misses the tengu reaver.
Your +0 spectral war axe barely misses the efreet.
The tengu reaver hits your +0 spectral war axe with a +0 war axe!
Your spectral weapon shares its damage with you!
The tengu reaver barely misses your +0 spectral war axe.
The tengu reaver completely misses your +0 spectral war axe.
The white very ugly thing pecks you! The white very ugly thing freezes you!
You resist.
You die...

......#...........#..#
...#..#...#####......###
........................
#######..###..##........
##.####.##........
#.#..............
#.....###)###....
#....##.))..##... ##
..##.##@##.##.. ..
..#.##Du(##.#.. ..
..#.#.sQR.#.#.. #.
.........00.... #
..#.#.....#.#.. #
.##.#.....#.##. #
##.##.....##.## .
..##.......##.. .


You could see a white very ugly thing, an ice dragon, a tengu reaver, a wolf
spider, an efreet (ally target) and a friendly +0 spectral war axe.

Vanquished Creatures
  Rupert (D:13)
  A storm dragon (D:13)
  A war gargoyle (D:13)
  Snorg (D:12)
  Josephine (D:12)
  2 hydras
  A catoblepas (Lair:5)
  A centaur warrior (D:13)
  2 two-headed ogres
  A boulder beetle (D:13)
  A tengu warrior (D:10)
  A deep troll shaman (Lair:5)
  9 death yaks
  Nergalle (Lair:3)
  Lodul (D:12)
  A skyshark (Lair:2)
  2 lindwurms
  An orc knight (D:13)
  4 oklob plants
  3 cyclopes
  An ugly thing (D:13)
  A manticore (D:13)
  12 elephants
  A black mamba (Lair:4)
  A gargoyle (D:13)
  3 kobold demonologists
  6 cane toads
  9 komodo dragons
  3 rime drakes
  6 trolls
  3 polar bears (Lair:5)
  3 hornets (Lair:4)
  A queen bee (Lair:1)
  A tyrant leech (Lair:2)
  Prince Ribbit (D:9)
  4 blink frogs (Lair:1)
  3 slime creatures (D:12)
  11 spriggans (Lair:4)
  4 wyverns
  A shadow (D:10)
  6 basilisks
  10 wraiths
  26 yaks
  16 humans (D:13)
  2 vampire mosquitoes (D:12)
  10 water moccasins
  2 acid dragons
  A sky beast (D:6)
  3 black bears
  2 orc warriors
  3 boggarts (Lair:4)
  10 ogres
  7 wolves
  10 centaurs
  A phantom (D:6)
  2 kobold brigands
  15 bullfrogs
  11 wights
  37 killer bees
  6 electric eels (D:10)
  4 howler monkeys
  A gnoll bouda (D:8)
  A lava snake (D:7)
  4 jellies (Lair:4)
  A hound (D:5)
  7 orc priests
  Jessica (D:3)
  4 orc wizards
  2 iguanas
  7 gnolls
  8 adders
  3 white imps
  2 worms
  3 dart slugs
  23 orcs
  6 bats
  13 endoplasms
  6 giant cockroaches
  13 goblins
  4 hobgoblins
  3 jackals (D:1)
  16 kobolds
  3 quokkas
  7 ball pythons
  4 frilled lizards
  5 rats
442 creatures vanquished.

Vanquished Creatures (others)
  A wizard (D:6)
  A dart slug (D:3)
  An orc (D:3)
  A goblin (D:3)
  A hobgoblin (D:3)
  A rat (D:3)
  7 spectral weapons
13 creatures vanquished.

Grand Total: 455 creatures vanquished

Notes
Turn   | Place    | Note
-------+----------+-------------------------------------------
     0 | D:1      | qw the Gargoyle Fighter began the quest for the Orb.
     0 | D:1      | Reached XP level 1. HP: 14/14 MP: 1/1
     0 | D:1      | 0 ||| qw: Version: 0.3-a-5-g6f28e65
     0 | D:1      | 0 ||| qw: Game counter: 545
     0 | D:1      | 0 ||| qw: Always use a shield: true
     0 | D:1      | 0 ||| qw: God list: Okawaru
     0 | D:1      | 0 ||| qw: Allow faded altars: false
     0 | D:1      | 0 ||| qw: Do Orc after D:15 true
     0 | D:1      | 0 ||| qw: Do second Lair branch before Depths: true
     0 | D:1      | 0 ||| qw: Lair rune preference: random
     0 | D:1      | 0 ||| qw: Plans: Normal, Zot:1-4, Slime:5, God:TSO, Crypt,
                  | Tomb, Abyss, Pan, Hells, Win
     0 | D:1      | 0 ||| PLANNING D:1-11
    76 | D:1      | Reached skill level 2 in Axes
   182 | D:1      | Reached XP level 2. HP: 19/19 MP: 2/2
   326 | D:1      | Found a faded altar of an unknown god.
   348 | D:1      | 348 ||| Stepping ~*~*~tactically~*~*~ (stealth).
   349 | D:1      | 349 ||| Stepping ~*~*~tactically~*~*~ (stealth).
   379 | D:1      | Reached skill level 3 in Axes
   382 | D:1      | Reached XP level 3. HP: 20/23 MP: 3/3
   395 | D:1      | 395 ||| DROPPING +0 club.
   532 | D:1      | 532 ||| Stepping ~*~*~tactically~*~*~ (hiding).
   535 | D:1      | 535 ||| Stepping ~*~*~tactically~*~*~ (hiding).
   909 | D:1      | 909 ||| READING scroll labelled SOP ZYSTICAGI.
   910 | D:1      | 910 ||| READING scroll labelled JIXZAL WIPLACO.
  1011 | D:1      | 1011 ||| READING scroll labelled OLURACYOGA.
  1012 | D:1      | 1012 ||| READING scroll labelled TEPERI JEREUHI.
  1013 | D:1      | 1013 ||| DRINKING 2 fizzy emerald potions.
  1118 | D:1      | 1118 ||| DROPPING potion of berserk rage.
  1184 | D:2      | Found a snail-covered altar of Cheibriados.
  1301 | D:2      | Reached XP level 4. HP: 20/28 MP: 4/4
  1306 | D:2      | Reached skill level 1 in Throwing
  1306 | D:2      | 1306 ||| FLEEEEING.
  1307 | D:2      | 1307 ||| FLEEEEING.
  1308 | D:2      | 1308 ||| FLEEEEING.
  1309 | D:2      | 1309 ||| FLEEEEING.
  1310 | D:2      | 1310 ||| FLEEEEING.
  1311 | D:2      | 1311 ||| FLEEEEING.
  1312 | D:2      | 1312 ||| STAIRDANCE
  1375 | D:2      | 1375 ||| STAIRDANCE
  1384 | D:1      | Reached skill level 4 in Axes
  1463 | D:1      | 1463 ||| DROPPING +0 whip.
  1528 | D:2      | 1528 ||| Stepping ~*~*~tactically~*~*~ (stealth).
  1537 | D:2      | 1537 ||| Stepping ~*~*~tactically~*~*~ (stealth).
  1862 | D:2      | 1862 ||| UPGRADING to ring of protection from fire.
  1863 | D:2      | 1863 ||| READING scroll labelled FENIMM NOGO.
  1864 | D:2      | 1864 ||| READING scroll labelled XUSUMAMIRYPS.
  1872 | D:3      | Reached XP level 5. HP: 32/32 MP: 5/5
  1937 | D:3      | 1937 ||| Stepping ~*~*~tactically~*~*~ (stealth).
  1938 | D:3      | Noticed Jessica
  1941 | D:3      | 1941 ||| Stepping ~*~*~tactically~*~*~ (hiding).
  1947 | D:3      | Killed Jessica
  2159 | D:3      | Found a shimmering altar of Xom.
  2229 | D:3      | Reached skill level 5 in Axes
  2539 | D:3      | Found a runed translucent door.
  2540 | D:3      | Noticed Crazy Yiuf
  2702 | D:3      | 2702 ||| UPGRADING to +0 helmet.
  2707 | D:3      | 2707 ||| READING scroll labelled REB FYGISKYLOQ.
  2708 | D:3      | 2708 ||| READING scroll labelled KOSYTHI ZENNEE.
  2709 | D:3      | 2709 ||| READING scroll labelled TOWKIR CEVIXUY.
  2794 | D:4      | 2794 ||| Stepping ~*~*~tactically~*~*~ (stealth).
  2795 | D:4      | 2795 ||| Stepping ~*~*~tactically~*~*~ (stealth).
  2985 | D:4      | 2985 ||| Stepping ~*~*~tactically~*~*~ (hiding).
  2987 | D:4      | 2987 ||| Stepping ~*~*~tactically~*~*~ (hiding).
  2988 | D:4      | 2988 ||| Stepping ~*~*~tactically~*~*~ (hiding).
  2990 | D:4      | 2990 ||| Stepping ~*~*~tactically~*~*~ (hiding).
  2995 | D:4      | Reached XP level 6. HP: 38/38 MP: 6/6
  3121 | D:4      | Found a snail-covered altar of Cheibriados.
  3169 | D:4      | 3169 ||| Stepping ~*~*~tactically~*~*~ (stealth).
  3501 | D:4      | Noticed a black bear
  3506 | D:4      | Killed a black bear
  3650 | D:4      | 3650 ||| UPGRADING to ring of positive energy.
  3651 | D:4      | 3651 ||| READING scroll labelled IWAKAA POITA.
  3661 | D:5      | Entered Level 5 of the Dungeon
  3737 | D:5      | Reached skill level 1 in Dodging
  3822 | D:5      | Found an ancient bone altar of Kikubaaqudgha.
  3938 | D:5      | Found a transporter.
  3939 | D:5      | Noticed a vampire
  3943 | D:5      | Noticed qw's ghost (novice GrFi)
  3948 | D:5      | Found a transporter.
  3953 | D:5      | Found a hide-covered altar of Uskayaw.
  4053 | D:5      | Reached XP level 7. HP: 44/44 MP: 7/7
  4226 | D:5      | Found Lefetyz's Tremendous Tomes.
  4361 | D:5      | 4361 ||| DROPPING +1 leather armour of positive energy.
  4362 | D:5      | 4362 ||| UPGRADING to +0 chain mail.
  4372 | D:5      | 4372 ||| DROPPING +0 scale mail.
  4373 | D:5      | 4373 ||| READING scroll labelled YCAQOETSICS.
  4374 | D:5      | 4374 ||| READING 2 scrolls labelled TEPRIEBEITT.
  4375 | D:5      | 4375 ||| READING scroll labelled JEUKEO MYMI.
  4376 | D:5      | 4376 ||| DRINKING 2 coppery potions.
  4377 | D:5      | 4377 ||| DROPPING scroll of noise.
  4419 | D:6      | Identified the +0 short sword "Impypuc" {heavy, rN+ Int+3
                  | Dex-2}
  4460 | D:6      | Found a sparkling altar of Nemelex Xobeh.
  4520 | D:6      | 4520 ||| Stepping ~*~*~tactically~*~*~ (stealth).
  4532 | D:6      | 4532 ||| FLEEEEING.
  4543 | D:6      | Reached skill level 6 in Axes
  4648 | D:6      | Found a bloodstained altar of Trog.
  4650 | D:6      | Noticed a wizard
  4654 | D:6      | Killed a wizard
  4963 | D:6      | Reached skill level 7 in Axes
  5092 | D:6      | 5092 ||| UPGRADING to +0 chain mail of positive energy.
  5102 | D:6      | 5102 ||| DROPPING +0 chain mail.
  5103 | D:6      | 5103 ||| READING scroll labelled ZAEXOER ODO.
  5120 | D:7      | Found a staircase to the Ecumenical Temple.
  5121 | D:7      | 5121 ||| PLANNING TEMPLE
  5121 | D:7      | 5121 ||| STAIRDANCE
  5132 | Temple   | Entered the Ecumenical Temple
  5497 | Temple   | 5497 ||| PLANNING D:1-11
  5574 | D:7      | Reached XP level 8. HP: 43/49 MP: 8/8
  5606 | D:7      | 5606 ||| Stepping ~*~*~tactically~*~*~ (stealth).
  5615 | D:7      | 5615 ||| DROPPING +3 flail.
  5828 | D:7      | 5828 ||| FLEEEEING.
  5829 | D:7      | 5829 ||| FLEEEEING.
  5838 | D:7      | HP: 9/49 [lava snake/glob of lava (15)]
  5839 | D:7      | 5839 ||| DRINKING potion of heal wounds.
  5841 | D:7      | 5841 ||| FLEEEEING.
  5842 | D:7      | 5842 ||| FLEEEEING.
  5859 | D:7      | 5859 ||| FLEEEEING.
  5923 | D:7      | Reached skill level 8 in Axes
  6013 | D:7      | Noticed a wyvern
  6014 | D:7      | 6014 ||| Stepping ~*~*~tactically~*~*~ (hiding).
  6020 | D:7      | Killed a wyvern
  6021 | D:7      | Reached skill level 6 in Fighting
  6056 | D:7      | 6056 ||| Stepping ~*~*~tactically~*~*~ (hiding).
  6057 | D:7      | 6057 ||| Stepping ~*~*~tactically~*~*~ (hiding).
  6058 | D:7      | 6058 ||| Stepping ~*~*~tactically~*~*~ (hiding).
  6516 | D:7      | 6516 ||| UPGRADING to +0 plate armour.
  6526 | D:7      | 6526 ||| DROPPING +0 chain mail of positive energy.
  6527 | D:7      | 6527 ||| READING scroll labelled GABBAF RIFYOSKAU.
  6600 | D:8      | Reached XP level 9. HP: 56/56 MP: 9/9
  6633 | D:8      | 6633 ||| Stepping ~*~*~tactically~*~*~ (hiding).
  6634 | D:8      | 6634 ||| Stepping ~*~*~tactically~*~*~ (hiding).
  6636 | D:8      | 6636 ||| Stepping ~*~*~tactically~*~*~ (hiding).
  6671 | D:8      | Identified the +1 leather armour "Catenegg" {rPois}
  6687 | D:8      | 6687 ||| Stepping ~*~*~tactically~*~*~ (stealth).
  6800 | D:8      | 6800 ||| Stepping ~*~*~tactically~*~*~ (hiding).
  6809 | D:8      | Reached skill level 9 in Axes
  6815 | D:8      | 6815 ||| FLEEEEING.
  6819 | D:8      | 6819 ||| FLEEEEING.
  6820 | D:8      | 6820 ||| FLEEEEING.
  6821 | D:8      | 6821 ||| FLEEEEING.
  6822 | D:8      | 6822 ||| FLEEEEING.
  6823 | D:8      | 6823 ||| FLEEEEING.
  6824 | D:8      | 6824 ||| FLEEEEING.
  6825 | D:8      | 6825 ||| FLEEEEING.
  6826 | D:8      | 6826 ||| FLEEEEING.
  6827 | D:8      | 6827 ||| FLEEEEING.
  6828 | D:8      | 6828 ||| FLEEEEING.
  6830 | D:8      | 6830 ||| FLEEEEING.
  6831 | D:8      | 6831 ||| FLEEEEING.
  6832 | D:8      | 6832 ||| FLEEEEING.
  6833 | D:8      | 6833 ||| FLEEEEING.
  6834 | D:8      | 6834 ||| FLEEEEING.
  6835 | D:8      | 6835 ||| FLEEEEING.
  6836 | D:8      | 6836 ||| FLEEEEING.
  6837 | D:8      | 6837 ||| STAIRDANCE
  6900 | D:7      | 6900 ||| DRINKING 2 metallic blue potions.
  6900 | D:7      | Gained mutation: You have hidden genetic potential. [potion
                  | of mutation]
  6900 | D:7      | Gained mutation: You are dopey. (Int -2) [potion of
                  | mutation]
  6900 | D:7      | Gained mutation: Your natural rate of healing is unusually
                  | fast. [potion of mutation]
  6922 | D:8      | Found a glowing golden altar of the Shining One.
  6968 | D:8      | Found a flagged portal.
  7086 | D:8      | 7086 ||| Stepping ~*~*~tactically~*~*~ (hiding).
  7335 | D:8      | Found a blossoming altar of Fedhas.
  7361 | D:8      | Noticed an oklob plant
  7389 | D:8      | Killed an oklob plant
  7440 | D:8      | 7440 ||| DRINKING 2 metallic yellow potions.
  7509 | D:9      | 7509 ||| Stepping ~*~*~tactically~*~*~ (hiding).
  7510 | D:9      | 7510 ||| Stepping ~*~*~tactically~*~*~ (hiding).
  7511 | D:9      | 7511 ||| Stepping ~*~*~tactically~*~*~ (hiding).
  7700 | D:9      | Found a staircase to the Orcish Mines.
  7723 | D:9      | 7723 ||| DRINKING potion of curing.
  7723 | D:9      | 7723 ||| (to cure confusion)
  7857 | D:9      | 7857 ||| Stepping ~*~*~tactically~*~*~ (stealth).
  7859 | D:9      | 7859 ||| Stepping ~*~*~tactically~*~*~ (hiding).
  7865 | D:9      | Reached skill level 6 in Armour
  7883 | D:9      | Noticed Prince Ribbit
  7894 | D:9      | Killed Prince Ribbit
  7943 | D:9      | Reached XP level 10. HP: 60/63 MP: 10/10
  8162 | D:9      | 8162 ||| READING scroll labelled GIPRUSALAR.
  8162 | D:9      | Identified a scroll of acquirement
  8162 | D:9      | 8162 ||| ACQUIRING -2 hat of the Alchemist {rElec rPois rF+
                  | rC+ rN+ Will+ rMut rCorr}
  8162 | D:9      | Acquired the -2 hat of the Alchemist {rElec rPois rF+ rC+
                  | rN+ Will+ rMut rCorr}
  8162 | D:9      | Found the -2 hat of the Alchemist {rElec rPois rF+ rC+ rN+
                  | Will+ rMut rCorr}
  8164 | D:9      | 8164 ||| UPGRADING to -2 hat of the Alchemist {rElec rPois
                  | rF+ rC+ rN+ Will+ rMut rCorr}.
  8174 | D:9      | 8174 ||| READING 2 scrolls of identify.
  8174 | D:9      | 8174 ||| IDENTIFYING orange potion
  8190 | D:10     | Entered Level 10 of the Dungeon
  8250 | D:10     | 8250 ||| Stepping ~*~*~tactically~*~*~ (hiding).
  8251 | D:10     | 8251 ||| Stepping ~*~*~tactically~*~*~ (hiding).
  8261 | D:10     | Reached skill level 10 in Axes
  8308 | D:10     | Found a white marble altar of Elyvilon.
  8364 | D:10     | 8364 ||| FLEEEEING.
  8410 | D:10     | Found a runed translucent gate.
  8410 | D:10     | Found a runed translucent gate.
  8412 | D:10     | Found a runed translucent gate.
  8412 | D:10     | Found an opulent altar of Gozag.
  8412 | D:10     | Noticed an entropy weaver
  8413 | D:10     | Noticed a fire dragon
  8414 | D:10     | Noticed qw's ghost (journeyman GrFi)
  8425 | D:10     | 8425 ||| Stepping ~*~*~tactically~*~*~ (stealth).
  8516 | D:10     | 8516 ||| Stepping ~*~*~tactically~*~*~ (hiding).
  8814 | D:10     | 8814 ||| FLEEEEING.
  8815 | D:10     | 8815 ||| FLEEEEING.
  8816 | D:10     | 8816 ||| FLEEEEING.
  8817 | D:10     | 8817 ||| FLEEEEING.
  8818 | D:10     | 8818 ||| FLEEEEING.
  8819 | D:10     | 8819 ||| FLEEEEING.
  8827 | D:10     | Reached skill level 3 in Throwing
  8827 | D:10     | 8827 ||| FLEEEEING.
  8828 | D:10     | 8828 ||| FLEEEEING.
  8829 | D:10     | 8829 ||| FLEEEEING.
  8830 | D:10     | 8830 ||| FLEEEEING.
  9030 | D:10     | Noticed a two-headed ogre
  9038 | D:10     | Killed a two-headed ogre
  9039 | D:10     | Reached skill level 11 in Axes
  9051 | D:10     | Found an iron altar of Okawaru.
  9052 | D:10     | 9052 ||| PLANNING OKAWARU WORSHIP
  9052 | D:10     | 9052 ||| READING 2 scrolls of identify.
  9052 | D:10     | 9052 ||| IDENTIFYING grey potion
  9061 | D:10     | Became a worshipper of Warmaster Okawaru
  9062 | D:10     | 9062 ||| PLANNING D:1-11
  9069 | D:10     | 9069 ||| READING scroll of enchant armour.
  9069 | D:10     | 9069 ||| ENCHANTING +0 plate armour.
  9176 | D:10     | Noticed a seven-headed hydra
  9249 | D:10     | a seven-headed hydra changed into a tyrant leech
  9398 | D:10     | Noticed a wolf spider
  9626 | D:10     | Noticed a wolf spider
  9876 | D:10     | Noticed an alligator
  9975 | D:10     | Noticed a fenstrider witch
 10139 | D:10     | Noticed a formless jellyfish
 10312 | D:10     | Noticed a quicksilver dragon
 10315 | D:10     | 10315 ||| Stepping randomly (stuck).
 10372 | D:11     | 10372 ||| Stepping ~*~*~tactically~*~*~ (hiding).
 10375 | D:11     | Noticed a tengu warrior
 10378 | D:11     | 10378 ||| Stepping ~*~*~tactically~*~*~ (hiding).
 10394 | D:11     | HP: 10/65 [tengu warrior/+0 broad axe (12)]
 10395 | D:11     | 10395 ||| READING scroll of teleportation.
 10396 | D:11     | 10396 ||| DRINKING potion of heal wounds.
 10399 | D:11     | HP: 15/65 [tengu warrior/+0 broad axe (8)]
 10413 | D:11     | 10413 ||| FLEEEEING.
 10414 | D:11     | 10414 ||| FLEEEEING.
 10415 | D:11     | 10415 ||| STAIRDANCE
 10458 | D:10     | a quicksilver dragon changed into an alligator snapping
                  | turtle
 10458 | D:10     | Noticed an alligator snapping turtle (shapeshifter)
 10473 | D:11     | 10473 ||| STAIRDANCE
 10479 | D:10     | Killed a tengu warrior
 10480 | D:10     | Reached skill level 9 in Fighting
 10528 | D:10     | Noticed a dire elephant
 10531 | D:10     | 10531 ||| UPGRADING to +1 buckler of protection.
 10541 | D:10     | 10541 ||| DROPPING +0 buckler.
 10623 | D:11     | Reached XP level 11. HP: 62/71 MP: 11/11
 10697 | D:11     | Found a transporter.
 10705 | D:11     | Noticed an orc sorcerer
 10738 | D:11     | Noticed a fire crab
 10742 | D:11     | Found a transporter.
 10857 | D:11     | Noticed an oklob plant
 10858 | D:11     | Noticed an oklob plant
 10861 | D:11     | Found a staircase to the Lair.
 10865 | D:11     | Killed an oklob plant
 10869 | D:11     | Gained mutation: Your muscles are strong. (Str +4, Int/Dex
                  | -1) [hidden potential]
 10883 | D:11     | Killed an oklob plant
 10883 | D:11     | Reached * piety under Okawaru
 10958 | D:11     | 10958 ||| INVOKING Heroism.
 10965 | D:11     | Reached skill level 1 in Invocations
 11021 | D:11     | 11021 ||| INVOKING Heroism.
 11134 | D:11     | 11134 ||| PLANNING LAIR
 11134 | D:11     | 11134 ||| DROPPING +0 helmet.
 11135 | D:11     | 11135 ||| READING 2 scrolls of identify.
 11135 | D:11     | 11135 ||| IDENTIFYING sapphire potion
 11136 | D:11     | 11136 ||| DROPPING potion of brilliance.
 11167 | Lair:1   | Entered Level 1 of the Lair of Beasts
 11179 | Lair:1   | 11179 ||| INVOKING Heroism.
 11182 | Lair:1   | Reached skill level 3 in Invocations
 11221 | Lair:1   | 11221 ||| Stepping ~*~*~tactically~*~*~ (stealth).
 11226 | Lair:1   | 11226 ||| Stepping ~*~*~tactically~*~*~ (stealth).
 11237 | Lair:1   | 11237 ||| Stepping ~*~*~tactically~*~*~ (stealth).
 11274 | Lair:1   | Reached skill level 12 in Axes
 11293 | Lair:1   | Reached ** piety under Okawaru
 11309 | Lair:1   | 11309 ||| INVOKING Heroism.
 11331 | Lair:1   | 11331 ||| INVOKING Heroism.
 11333 | Lair:1   | Reached skill level 6 in Shields
 11347 | Lair:1   | 11347 ||| INVOKING Heroism.
 11399 | Lair:1   | 11399 ||| Stepping ~*~*~tactically~*~*~ (stealth).
 11418 | Lair:1   | 11418 ||| Stepping ~*~*~tactically~*~*~ (stealth).
 11630 | Lair:1   | 11630 ||| Stepping ~*~*~tactically~*~*~ (stealth).
 11632 | Lair:1   | 11632 ||| INVOKING Heroism.
 11719 | Lair:1   | 11719 ||| Stepping ~*~*~tactically~*~*~ (stealth).
 11723 | Lair:1   | 11723 ||| INVOKING Heroism.
 11747 | Lair:1   | 11747 ||| INVOKING Heroism.
 11756 | Lair:1   | Reached *** piety under Okawaru
 11965 | Lair:1   | 11965 ||| UPGRADING to +2 pair of boots.
 11970 | Lair:1   | 11970 ||| UPGRADING to +0 pair of gloves.
 11975 | Lair:1   | 11975 ||| DROPPING potion of ambrosia.
 11983 | Lair:2   | Noticed a skyshark
 11992 | Lair:2   | Killed a skyshark
 11993 | Lair:2   | Reached XP level 12. HP: 75/77 MP: 15/15
 12042 | Lair:2   | Noticed a four-headed hydra
 12044 | Lair:2   | 12044 ||| INVOKING Heroism.
 12047 | Lair:2   | 12047 ||| SWAPPING to +0 morningstar.
 12057 | Lair:2   | Killed a four-headed hydra
 12058 | Lair:2   | 12058 ||| SWAPPING to +0 spectral war axe.
 12142 | Lair:2   | 12142 ||| Stepping ~*~*~tactically~*~*~ (hiding).
 12143 | Lair:2   | 12143 ||| Stepping ~*~*~tactically~*~*~ (hiding).
 12153 | Lair:2   | Reached skill level 13 in Axes
 12275 | Lair:2   | 12275 ||| Stepping ~*~*~tactically~*~*~ (stealth).
 12276 | Lair:2   | 12276 ||| Stepping ~*~*~tactically~*~*~ (stealth).
 12629 | Lair:2   | Found a staircase to the Swamp.
 12639 | Lair:2   | 12639 ||| INVOKING Heroism.
 12798 | Lair:2   | 12798 ||| UPGRADING to +0 cloak.
 12803 | Lair:2   | 12803 ||| DROPPING ring of flight.
 12804 | Lair:2   | 12804 ||| DRINKING 2 glowing golden potions.
 12848 | Lair:2   | 12848 ||| READING 2 scrolls of identify.
 12848 | Lair:2   | 12848 ||| IDENTIFYING brown potion
 12885 | Lair:3   | Noticed Nergalle
 12886 | Lair:3   | 12886 ||| INVOKING Heroism.
 12890 | Lair:3   | Killed Nergalle
 12895 | Lair:3   | Reached skill level 9 in Armour
 12902 | Lair:3   | Reached **** piety under Okawaru
 12959 | Lair:3   | Found a runed translucent gate.
 12961 | Lair:3   | Found a runed translucent gate.
 12962 | Lair:3   | Found a runed translucent gate.
 12978 | Lair:3   | 12978 ||| Stepping ~*~*~tactically~*~*~ (hiding).
 13004 | Lair:3   | 13004 ||| INVOKING Heroism.
 13058 | Lair:3   | 13058 ||| INVOKING Heroism.
 13075 | Lair:3   | Received a gift from Okawaru
 13103 | Lair:3   | 13103 ||| INVOKING Heroism.
 13336 | Lair:3   | 13336 ||| Stepping ~*~*~tactically~*~*~ (stealth).
 13347 | Lair:3   | Reached skill level 6 in Invocations
 13377 | Lair:3   | Noticed qw's ghost (journeyman GrFi)
 13479 | Lair:3   | 13479 ||| INVOKING Heroism.
 13595 | Lair:3   | Found a hole to the Spider Nest.
 13977 | Lair:3   | 13977 ||| INVOKING Heroism.
 14076 | Lair:3   | 14076 ||| READING 2 scrolls of identify.
 14076 | Lair:3   | 14076 ||| IDENTIFYING silvery potion
 14077 | Lair:3   | 14077 ||| DROPPING potion of degeneration.
 14119 | Lair:4   | 14119 ||| FLEEEEING.
 14145 | Lair:4   | Noticed a death yak
 14145 | Lair:4   | Noticed a death yak
 14146 | Lair:4   | 14146 ||| INVOKING Heroism.
 14147 | Lair:4   | Noticed a death yak
 14147 | Lair:4   | Noticed a death yak
 14148 | Lair:4   | Noticed a death yak
 14148 | Lair:4   | Noticed a death yak
 14151 | Lair:4   | Killed a death yak
 14156 | Lair:4   | Killed a death yak
 14157 | Lair:4   | Reached XP level 13. HP: 59/82 MP: 16/18
 14164 | Lair:4   | Reached ***** piety under Okawaru
 14165 | Lair:4   | Reached skill level 14 in Axes
 14165 | Lair:4   | 14165 ||| INVOKING Finesse.
 14166 | Lair:4   | 14166 ||| INVOKING Finesse.
 14306 | Lair:4   | 14306 ||| Stepping ~*~*~tactically~*~*~ (stealth).
 14334 | Lair:4   | Reached skill level 9 in Invocations
 14369 | Lair:4   | 14369 ||| INVOKING Heroism.
 14508 | Lair:4   | Found a viscous altar of Jiyva.
 14508 | Lair:4   | Found a staircase to the Slime Pits.
 14612 | Lair:4   | 14612 ||| Stepping ~*~*~tactically~*~*~ (stealth).
 14614 | Lair:4   | 14614 ||| INVOKING Heroism.
 14684 | Lair:4   | 14684 ||| Stepping ~*~*~tactically~*~*~ (stealth).
 14686 | Lair:4   | 14686 ||| Stepping ~*~*~tactically~*~*~ (hiding).
 14687 | Lair:4   | 14687 ||| INVOKING Heroism.
 14699 | Lair:4   | 14699 ||| INVOKING Finesse.
 14753 | Lair:4   | 14753 ||| INVOKING Heroism.
 14821 | Lair:4   | 14821 ||| INVOKING Heroism.
 15139 | Lair:4   | 15139 ||| DRINKING 2 fizzy pink potions.
 15173 | Lair:5   | Entered Level 5 of the Lair of Beasts
 15179 | Lair:5   | 15179 ||| INVOKING Heroism.
 15312 | Lair:5   | Identified the +5 morningstar "Imp's Death Toll" {drain,
                  | rN+ Will+ Dex+2}
 15668 | Lair:5   | 15668 ||| Stepping ~*~*~tactically~*~*~ (stealth).
 15669 | Lair:5   | 15669 ||| Stepping ~*~*~tactically~*~*~ (stealth).
 15670 | Lair:5   | 15670 ||| Stepping ~*~*~tactically~*~*~ (stealth).
 15672 | Lair:5   | 15672 ||| Stepping ~*~*~tactically~*~*~ (stealth).
 15682 | Lair:5   | 15682 ||| INVOKING Heroism.
 15684 | Lair:5   | Received a gift from Okawaru
 15756 | Lair:5   | 15756 ||| Stepping ~*~*~tactically~*~*~ (stealth).
 15791 | Lair:5   | 15791 ||| INVOKING Heroism.
 15799 | Lair:5   | 15799 ||| INVOKING Finesse.
 15859 | Lair:5   | 15859 ||| INVOKING Heroism.
 15860 | Lair:5   | 15860 ||| Stepping ~*~*~tactically~*~*~ (hiding).
 15868 | Lair:5   | Gained mutation: Your large and strong wings let you fly.
                  | [Gargoyle growth]
 15868 | Lair:5   | Reached XP level 14. HP: 76/90 MP: 19/21
 15888 | Lair:5   | Identified the +9 whip "Seusmyxo" {flame, Int+2}
 15923 | Lair:5   | 15923 ||| INVOKING Heroism.
 15925 | Lair:5   | Reached skill level 15 in Axes
 16194 | Lair:5   | 16194 ||| PLANNING D
 16194 | Lair:5   | 16194 ||| DROPPING scarf of harm.
 16195 | Lair:5   | 16195 ||| UPGRADING to +4 ring of protection.
 16197 | Lair:5   | 16197 ||| UPGRADING to ring of protection from fire.
 16199 | Lair:5   | 16199 ||| READING 2 scrolls of identify.
 16199 | Lair:5   | 16199 ||| IDENTIFYING yellow potion
 16353 | D:12     | Noticed Snorg
 16354 | D:12     | 16354 ||| INVOKING Heroism.
 16373 | D:12     | Killed Snorg
 16456 | D:12     | 16456 ||| Stepping ~*~*~tactically~*~*~ (hiding).
 16457 | D:12     | 16457 ||| Stepping ~*~*~tactically~*~*~ (hiding).
 16458 | D:12     | 16458 ||| Stepping ~*~*~tactically~*~*~ (hiding).
 16480 | D:12     | Found a runed translucent gate.
 16480 | D:12     | Found a runed translucent gate.
 16480 | D:12     | Found a runed translucent gate.
 16482 | D:12     | 16482 ||| Stepping ~*~*~tactically~*~*~ (stealth).
 16484 | D:12     | 16484 ||| Stepping ~*~*~tactically~*~*~ (hiding).
 16485 | D:12     | Noticed corvin's ghost (journeyman DgWn)
 16486 | D:12     | 16486 ||| Stepping ~*~*~tactically~*~*~ (hiding).
 16489 | D:12     | 16489 ||| Stepping ~*~*~tactically~*~*~ (hiding).
 16761 | D:12     | 16761 ||| Stepping ~*~*~tactically~*~*~ (stealth).
 16776 | D:12     | 16776 ||| INVOKING Heroism.
 17001 | D:12     | Noticed Josephine
 17017 | D:12     | Killed Josephine
 17122 | D:12     | Noticed Lodul
 17149 | D:12     | Killed Lodul
 17149 | D:12     | Received a gift from Okawaru
 17505 | D:12     | 17505 ||| Stepping ~*~*~tactically~*~*~ (stealth).
 17506 | D:12     | 17506 ||| Stepping ~*~*~tactically~*~*~ (stealth).
 17676 | D:12     | 17676 ||| DROPPING +1 helmet.
 17677 | D:12     | 17677 ||| READING scroll labelled ESITEU ALAUKUFE.
 17721 | D:13     | Noticed Rupert
 17721 | D:13     | Found a gate to the Vaults.
 17722 | D:13     | 17722 ||| INVOKING Heroism.
 17723 | D:13     | 17723 ||| INVOKING Finesse.
 17728 | D:13     | Received a gift from Okawaru
 17729 | D:13     | Reached skill level 12 in Fighting
 17741 | D:13     | Killed Rupert
 17741 | D:13     | Identified the +2 demon blade of Reczad {vamp, Str+3}
                  | (Okawaru gifted it to you on level 13 of the Dungeon)
 17741 | D:13     | Received a gift from Okawaru
 18000 | D:13     | Noticed a war gargoyle
 18001 | D:13     | Noticed a white very ugly thing
 18003 | D:13     | 18003 ||| INVOKING Heroism.
 18003 | D:13     | Noticed a storm dragon
 18004 | D:13     | 18004 ||| INVOKING Finesse.
 18005 | D:13     | 18005 ||| SWAPPING to +5 morningstar "Imp's Death Toll"
                  | {drain, rN+ Will+ Dex+2}.
 18010 | D:13     | 18010 ||| SWAPPING to +0 spectral war axe.
 18014 | D:13     | Killed a war gargoyle
 18017 | D:13     | Noticed a tengu reaver
 18027 | D:13     | Killed a storm dragon
 18027 | D:13     | HP: 23/92 [white very ugly thing (12)]
 18028 | D:13     | 18028 ||| READING 3 scrolls of teleportation.
 18035 | D:13     | HP: 22/92 [tengu reaver/+0 war axe (6)]
 18035 | D:13     | HP: 9/92 [white very ugly thing (13)]
 18035 | D:13     | Slain by a white very ugly thing

Levels and vault maps discovered:
D:1:      kilobyte_arrival_exit_the_forest, layout_rooms,
          ebering_ecumenical_altar_hall, serial_rivers,
          chequers_serial_rivers_large_b, chequers_serial_rivers_small_b,
          chequers_serial_rivers_micro_a, chequers_serial_rivers_room_a,
          minmay_indecisive_spiral
D:2:      layout_basic, basic_altar
D:3:      layout_loops_ring, xom_confusion_cloud, minmay_stone_trees_small,
          st_stairs_5, uniq_crazy_yiuf_cottage, uniq_jessica
D:4:      layout_loops_corners, cheibriados_altar_1
D:5:      layout_basic, kiku_gazebo_pond_becter, nicolae_uskayaw_dance_hall,
          gammafunk_ghost_arena, nicolae_shop_i_like_big_books
D:6:      layout_basic, trog_wizard, mainiacjoe_overflow_catwalk
D:7:      layout_basic, minmay_temple_entry_junction,
          nicolae_kite_square_tiling_tiny
D:8:      layout_basic, tso_metal_star, tgw_fedhas, enter_bailey_5
D:9:      layout_long_grid, orc_0_dummy, uniq_prince_ribbit1
D:10:     layout_basic, okawaru_gym_becter, elyvilon_altar_3,
          ebering_ghost_gozag, nicolae_concentric_dashed_squares_wild
D:11:     gammafunk_wand_slinger, layout_basic, dpeg_oklobed_lair,
          minmay_misc_feat_x
D:12:     layout_loops_corners, maelrawn_ghost_gauntlet_escape,
          corexii_checkpoint_b, uniq_josephine, uniq_snorg, uniq_lodul
D:13:     minmay_strange_plus, layout_stronghold, david_vaults_3,
          nicolae_nh_vlads_tower, uniq_azrael
Temple:   minmay_temple_forest_path
Lair:1:   layout_roguey [special_room_bee], lemuel_fruit_fields
Lair:2:   layout_loops_ring, minmay_swamp_entry_worms, columned_hall_lemuel,
          lemuel_fruit_tree
Lair:3:   layout_roguey, dummy_spider_entry, gammafunk_ghost_icy,
          nzn_random_ring, uniq_nergalle
Lair:4:   kb_forest_paths, layout_long_grid, nicolae_slime_entry_field_trip,
          lemuel_fruit_fields
Lair:5:   grunt_lair_end_beastmaster, layout_cave_shapes

Skill      XL: |  1  2  3  4  5  6  7  8  9 10 11 12 13 14 |
---------------+-------------------------------------------+-----
Axes           | 2 3 4 5 7 8 9 11 12 13 14 15 | 15.8
Throwing       | 1 2 3 4 5 |  5.0
Fighting       | 4 5 6 7 9 10 11 12 | 12.1
Dodging        | 1 2 |  2.6
Armour         | 5 6 7 10 11 | 11.1
Shields        | 5 6 7 |  7.3
Invocations    | 4 7 10 | 10.0

Action                     |  1- 3 |  4- 6 |  7- 9 | 10-12 | 13-15 || total
---------------------------+-------+-------+-------+-------+-------++-------
  Melee: War axe           |    95 |    87 |   166 |   506 |   512 ||  1366
         Morningstar       |       |       |       |     9 |     4 ||    13
  Throw: Javelin           |       |    67 |    39 |    41 |    78 ||   225
         Boomerang         |       |       |     6 |    74 |    42 ||   122
 Invoke: Heroism           |       |       |       |    18 |    14 ||    32
         Finesse           |       |       |       |       |     5 ||     5
    Use: Scroll            |     4 |     6 |     5 |     8 |     3 ||    26
         Potion            |     1 |       |     5 |     2 |     1 ||     9
   Stab: Distracted        |       |       |     1 |     2 |     5 ||     8
 Armour: Scale mail        |    56 |    45 |       |       |       ||   101
         Chain mail        |       |       |    37 |       |       ||    37
         Plate armour      |       |       |    68 |   298 |   211 ||   577
  Dodge: Dodged            |    38 |    55 |    41 |   129 |   114 ||   377
  Block: Buckler           |    10 |    21 |    24 |   106 |   101 ||   262

Table legend:
 A = Non-vault XP
 B = Vault XP
 C = Vault XP percentage of total XP
 D = Non-vault monster count
 E = Vault monster count
 F = Vault count percentage of total count
                 A         B        C        D         E       F
            +---------+---------+-------+---------+---------+-------
      Total |   42204 |   37269 |  46.9 |     293 |     149 |  33.7
            +---------+---------+-------+---------+---------+-------
        D:1 |      80 |       7 |   8.0 |      25 |       4 |  13.8
        D:2 |      69 |       0 |   0.0 |      18 |       0 |   0.0
        D:3 |      62 |      64 |  50.8 |      15 |       9 |  37.5
        D:4 |     180 |       0 |   0.0 |      12 |       0 |   0.0
        D:5 |     175 |       0 |   0.0 |      10 |       0 |   0.0
        D:6 |     502 |       0 |   0.0 |      10 |       0 |   0.0
        D:7 |     958 |       0 |   0.0 |      17 |       0 |   0.0
        D:8 |     850 |     594 |  41.1 |      20 |       5 |  20.0
        D:9 |     855 |     283 |  24.9 |      13 |       1 |   7.1
       D:10 |    3556 |       0 |   0.0 |      25 |       0 |   0.0
       D:11 |    1713 |    1152 |  40.2 |      12 |       2 |  14.3
       D:12 |    5942 |    4292 |  41.9 |      21 |      17 |  44.7
       D:13 |    2528 |   11183 |  81.6 |      12 |      24 |  66.7
     Lair:1 |    4950 |    1893 |  27.7 |      22 |      27 |  55.1
     Lair:2 |    2866 |     290 |   9.2 |       8 |       1 |  11.1
     Lair:3 |    3018 |    4866 |  61.7 |      17 |      15 |  46.9
     Lair:4 |   11382 |    4777 |  29.6 |      28 |      27 |  49.1
     Lair:5 |    2518 |    7868 |  75.8 |       8 |      17 |  68.0
            +---------+---------+-------+---------+---------+-------
